Tarks, lawful male human Knight #--------------------------------- ---------- ##................................| |......... #|.----....-----.---- --..----- | |........| #|.| ----.|...|.+ .@| |......... ####|.| |.|.%(|.| .| |........| #|.- |.|.(.*.--------.| |...<....| #|. |.|...|....|.//|.-+- |........-############|. -.----|....-.@/|... ---------- |. . --.-.-----..- |. -. |..|........|@ |.- |.- |..|-|--....+ |.| |.+ ---|...|---.----- | |.| -.| |...|. |.......| |.| .| |...|..G@@.....| |.- .- --------@....{.| |. . .......| --- --- --------- Tarks the Bachelor Experience level: 7 Strength: 8 Dexterity: 10 Constitution: 12 Intelligence: 9 Wisdom: 16 Charisma: 18 Health: 0(44) Energy: 62(62) AC: 2 Gold: 133 Moves: 1964 Your Inventory: Coins $ - 133 gold pieces Weapons a - an uncursed +1 long sword (weapon in hand) i - 3 [cursed +0] darts u - 4 [uncursed +0] arrows v - a [blessed +1] bow (alternate weapon; not wielded) x - 8 [cursed -1] arrows (in quiver) C - a [cursed +0] arrow D - 4 [cursed -1] darts G - an [uncursed +0] spear Armor c - an uncursed +1 ring mail (being worn) d - an uncursed +0 helmet (being worn) e - an uncursed +0 small shield (being worn) f - an uncursed +0 pair of leather gloves (being worn) t - an [uncursed] +0 pair of speed boots [of telepathy] (being worn) Comestibles g - 13 uncursed apples h - 12 uncursed carrots l - an [uncursed] tripe ration m - 2 [uncursed] tins [of lichen] r - an [uncursed] food ration Spellbooks j - an [uncursed] gold spellbook [of cure sickness] n - an [uncursed] colorful spellbook [of detect unseen] Potions o - an [uncursed] clear potion [of water] Wands p - an [uncursed] short wand [of digging (0:8)] K - an [uncursed] chrome wand [of make invisible (0:5)] Tools k - an [uncursed] towel F - an [uncursed wax] candle H - an [uncursed tallow] candle Gems q - an [uncursed] yellow gem [worthless glass] y - an [uncursed] black gem [obsidian] z - an [uncursed] orange gem [worthless glass] B - an [uncursed] yellowish brown gem [worthless glass] E - 2 [uncursed] violet gems [worthless glass] I - an [uncursed] black gem [worthless glass] J - an [uncursed] blue gem [sapphire] Spells known in the end: Name Level Category Fail Memory Your skills at the end: Fighting Skills riding [Basic / Expert] Weapon Skills long sword [Basic / Expert] lance [Basic / Expert] Spellcasting Skills Final Attributes: You were devoutly aligned. Hunger level was 552. Your alignment was 18 / 19. Monster difficulty range was 1 - 6. Level difficulty was 6. You were telepathic. You could jump. You were very fast. Your luck was zero. You are dead. Vanquished creatures: 2 human zombies a shrieker 3 gnome lords 4 gnomish wizards 2 dwarves a kobold lord a kobold shaman 2 rothes a cave spider 16 gnomes a gnome zombie 2 kobolds 3 goblins a grid bug 5 lichens a kobold zombie 4 newts 50 creatures vanquished. Voluntary challenges: You were illiterate. You used a wielded weapon 72 times. You put on armor 5 times. You never genocided any monsters. You never polymorphed an object. You never changed form. You used no wishes. You never wrote Elbereth's name. You never encountered a bones level. You never used any Sokoban shortcuts. Dungeon overview: The Dungeons of Doom: levels 1 to 3 Level 1 a long staircase Level 2 a general store Level 3 stairs to The Gnomish Mines The Gnomish Mines: levels 4 to 6 Level 4 stairs to The Dungeons of Doom Level 6 <- You were here a wand shop, a temple, a magic chest, a fountain History has recorded: On T:1 you entered the Dungeons of Doom to retrieve the Amulet of Yendor! On T:333 you advanced to experience level 2. On T:398 you reached level 2 of The Dungeons of Doom. On T:676 you reached level 3 of The Dungeons of Doom. On T:684 you advanced to experience level 3. On T:923 you advanced to experience level 4. On T:955 you reached level 1 of The Gnomish Mines. On T:1002 you advanced to experience level 5. On T:1243 you advanced to experience level 6. On T:1306 you reached level 2 of The Gnomish Mines. On T:1652 you advanced to experience level 7. On T:1874 you reached level 3 of The Gnomish Mines. Latest messages: KABOOM!! The door was booby-trapped! You stagger... A watch captain yells: "Halt, thief! You're under arrest!" You see angry guards approaching! The watchman wields a bec de corbin! You feel a bit steadier now. [HP-1=43] Your clumsy kick does no damage. The watch captain wields a long sword! The watch captain swings her long sword. The watch captain hits! The watchman wields a knife! [HP-9=34] You miss the gnome. The watch captain swings her long sword. The watch captain hits! The watch captain swings her long sword. The watch captain hits! The gnome thrusts her dagger. The gnome hits! You die... Final status: Fare thee well Tarks the Knight... You died in The Gnomish Mines on dungeon level 6 with 2054 points, and 133 pieces of gold, after 1964 moves. You were level 7 with a maximum of 44 hit points when you died.